 Dungeon Crawl Stone Soup version 0.27.0-65-ge2af304b15 (webtiles) character file.

Game seed: 15438369478308444479

88 jamesdean20 the Shield-Bearer (level 4, -2/37 HPs)
             Began as a Formicid Fighter on Aug 19, 2021.
             Slain by Crazy Yiuf (7 damage)
             ... on level 2 of the Dungeon.
             The game lasted 00:09:49 (1734 turns).

jamesdean20 the Shield-Bearer (Formicid Fighter)    Turns: 1734, Time: 00:09:49

Health: -2/37      AC:  8    Str: 22    XL:     4   Next: 82%
Magic:  4/4        EV:  4    Int:  7    God:
Gold:   73         SH:  0    Dex: 10    Spells: 3/3 levels left

rFire    . . .     SeeInvis +   a - +0 war axe
rCold    . . .     Faith    .   c - +0 kite shield
rNeg     . . .     Spirit   .   b - +0 scale mail
rPois    .         Reflect  .   (helmet unavailable)
rElec    .         Harm     .   (no cloak)
rCorr    .         Rampage  .   i - +0 pair of gloves
Will     .....                  (no boots)
Stlth    ..........             k - amulet of magic regeneration
HPRegen  0.12/turn              (no ring)
MPRegen  0.34/turn              (no ring)

@: petrifying, very slow
A: permanent stasis, dig shafts and tunnels, antennae 3, four strong arms
a: Dig, Shaft Self


You were on level 2 of the Dungeon.
You visited 1 branch of the dungeon, and saw 2 of its levels.

You collected 73 gold pieces.

Inventory:

Hand Weapons
 a - a +0 war axe (weapon)
Missiles
 j - 3 boomerangs of dispersal
 l - a throwing net
Armour
 b - a +0 scale mail (worn)
 c - a +0 kite shield (worn)
 i - a +0 pair of gloves (worn)
Jewellery
 k - an amulet of magic regeneration (around neck)
Scrolls
 d - a scroll of blinking {unknown}
 e - 3 scrolls of identify {unknown}
 f - a scroll of amnesia {unknown}
 g - 2 scrolls of torment {unknown}
 n - a scroll of fear {unknown}
Potions
 h - a potion of invisibility {unknown}
 m - a potion of curing {unknown}


   Skills:
 + Level 4.0 Fighting
 + Level 3.0 Axes
 + Level 3.7 Armour
 + Level 0.4 Dodging
 + Level 0.2 Stealth
 + Level 4.2 Shields


You had 3 spell levels left.
You didn't know any spells.
Your spell library was empty.

Dungeon Overview and Level Annotations

Branches:
Dungeon (2/15)

Altars:
Hepliaklqana

Annotations:
D:2 Crazy Yiuf


Innate Abilities, Weirdness & Mutations

You cannot be hasted, slowed, berserked, paralysed or teleported.
You can dig through walls and to a lower floor.
You have a pair of large antennae on your head. (SInv)
Your four strong arms can wield two-handed weapons with a shield.


Message History

You barely miss the ball python.
The ball python is moderately wounded.
You block the ball python's attack. The ball python constricts you.
You block the ball python's attack. The ball python constricts you.
You hit the ball python but do no damage.
The ball python is moderately wounded.
The ball python barely misses you. The ball python constricts you.
You slash the ball python!
You kill the ball python!
You see here a ball python corpse.
Found a mace.
Found a runed translucent door.
Crazy Yiuf shouts!
Cleave: a) +0 war axe
Press: ? - help, Dir - move target Your weapon can't reach that far!
Okay, then.
You open the door. You hit Crazy Yiuf.
Crazy Yiuf is lightly wounded.
You block Crazy Yiuf's attack.
Crazy Yiuf sings, "Trees, trees, trees, circus!"
Crazy Yiuf drinks a potion.
Crazy Yiuf goes berserk!
You hit Crazy Yiuf but do no damage.
Crazy Yiuf is lightly wounded.
You block Crazy Yiuf's attack.
Crazy Yiuf hits you with a +2 quarterstaff of chaos.
You slash Crazy Yiuf!
Crazy Yiuf is heavily wounded.
You block Crazy Yiuf's attack.
Crazy Yiuf hits you with a +2 quarterstaff of chaos!!
Ouch! That really hurt!
* * * LOW HITPOINT WARNING * * *
Your stasis prevents you from being hasted.
You hit Crazy Yiuf.
Crazy Yiuf is severely wounded.
Crazy Yiuf hits you with a +2 quarterstaff of chaos.
* * * LOW HITPOINT WARNING * * *
You are slowing down.
Crazy Yiuf hits you with a +2 quarterstaff of chaos!
You die...

#....####.#
##..##
#.##########
♣PP..♣
#...........
♣...♣♣
########.†..
♣♣.♣♣ #....
♣.♣♣ #....
♣♣.♣ #####
♣.♣♣ # ♣♣@♣ #
#g# ... #...#
♣############
#..)#
♣............
#####
#############
#...........
#...#####...
+.......'...


You could see Crazy Yiuf (berserk).

Vanquished Creatures
  Robin (D:2)
  An adder (D:2)
  A bat (D:1)
  3 endoplasms
  13 giant cockroaches
  8 goblins
  9 hobgoblins
  4 jackals (D:1)
  5 kobolds
  2 quokkas (D:1)
  4 ball pythons
  2 frilled lizards
  3 rats (D:1)
56 creatures vanquished.

Notes
Turn   | Place    | Note
-------+----------+-------------------------------------------
     0 | D:1      | jamesdean20 the Formicid Fighter began the quest for the
                  | Orb.
     0 | D:1      | Reached XP level 1. HP: 18/18 MP: 1/1
   110 | D:1      | Reached XP level 2. HP: 12/24 MP: 2/2
   666 | D:1      | Reached XP level 3. HP: 30/30 MP: 3/3
  1026 | D:2      | Noticed Robin
  1037 | D:2      | Killed Robin
  1041 | D:2      | Reached XP level 4. HP: 21/37 MP: 4/4
  1369 | D:2      | Found a hazy altar of Hepliaklqana.
  1726 | D:2      | Found a runed translucent door.
  1727 | D:2      | Noticed Crazy Yiuf
  1734 | D:2      | Slain by Crazy Yiuf

Illustrated notes

Levels and vault maps discovered:
D:1:      minmay_arrival_nine_rooms, layout_basic
D:2:      minmay_roachtagon, layout_basic, basic_altar, uniq_robin,
          uniq_crazy_yiuf_cottage

Skill      XL: |  1  2  3  4 |
---------------+-------------+-----
Shields        | 4 |  4.2
Fighting       | 4 |  4.0
Axes           | 3 |  3.0
Armour         | |  3.7
Dodging        | |  0.4
Stealth        | |  0.2

Action                   |  1- 3 |  4- 6 || total
-------------------------+-------+-------++-------
Melee: War axe           |    83 |    76 ||   159
 Abil: Dig               |       |     5 ||     5
  Use: Potion            |     1 |       ||     1
Armor: Scale mail        |    38 |    43 ||    81
Dodge: Dodged            |    24 |    26 ||    50
Block: Kite shield       |    43 |    46 ||    89
